 Dungeon Crawl Stone Soup version 0.31-a0-1388-g4b2ba238e7 (webtiles) character file.

Game seed: 18364743268987393459

140 BigPumpCobain the Changeling (level 5, 0/49 HPs)
             Began as a Troll Shapeshifter on Dec 24, 2023.
             Slain by Grinder (6 damage)
             ... on level 3 of the Dungeon.
             The game lasted 00:02:22 (1374 turns).

BigPumpCobain the Changeling (Troll Shapeshifter)   Turns: 1374, Time: 00:02:23

Health: 0/49       AC:  4    Str: 24    XL:     5   Next: 2%
Magic:  4/4        EV:  9    Int:  6    God:
Gold:   126        SH:  0    Dex:  9    Spells: 4/4 levels left

rFire   . .          .
                       - Unarmed
rCold   . . .        (no shield)
rNeg    . . .        a - +0 animal skin
rPois   .            (helmet currently unavailable)
rElec   .            (cloak currently unavailable)
rCorr   .            (gloves unavailable)
SInv    .            (boots unavailable)
Will    .....        (no amulet)
Stlth   +            (no ring)
HPRegen 1.08/turn    (no ring)
MPRegen 0.09/turn

%: no passive effects
@: beast-form
A: beast (slay +2), large, unfitting armour, claws 3, regeneration 1, shaggy fur
1, tough skin 1
a: Begin Untransformation


You were on level 3 of the Dungeon.
You were a hulking beast.
You visited 1 branch of the dungeon, and saw 3 of its levels.

You collected 126 gold pieces.

Inventory:

Hand Weapons
 r - a +6 club
Armour
 a - a +0 animal skin (worn)
Jewellery
 m - a +6 ring of strength
Talismans
 c - a beast talisman
 d - a flux talisman
Scrolls
 f - 4 scrolls of identify {unknown}
 g - a scroll of torment {unknown}
 i - 2 scrolls of fog {unknown}
 k - a scroll of amnesia {unknown}
 l - a scroll of enchant weapon {unknown}
 o - a scroll of teleportation {unknown}
Potions
 b - a potion of lignification
 e - 2 potions of curing {unknown}
 h - a potion of haste {unknown}
 j - a potion of degeneration {unknown}
 n - a potion of ambrosia {unknown}
 p - 3 potions of attraction {unknown}
 q - a potion of magic {unknown}


   Skills:
 - Level 1.6 Fighting
 - Level 1.5 Dodging
 + Level 3.9 Unarmed Combat
 * Level 4.4 Shapeshifting


You had 4 spell levels left.
You didn't know any spells.
Your spell library contained the following spells:

 Spells                   Type           Power      Damage    Failure   Level
 Sting                    Conj/Alch      0%         1d3       45%         1
 Summon Small Mammal      Summ           0%         N/A       45%         1
 Mercury Vapours          Alch/Air       0%         N/A       58%         2
 Call Canine Familiar     Summ           0%         N/A       83%         3
 Summon Guardian Golem    Hex/Summ       0%         N/A       83%         3
 Olgreb's Toxic Radiance  Alch           0%         N/A       99%         4


Dungeon Overview and Level Annotations

Branches:
Dungeon (3/15)

Altars:
Yredelemnul

Annotations:
D:3 Grinder


Innate Abilities, Weirdness & Mutations

You are a hulking beast.
Your limbs bulge with bestial killing power. (Slay +2)
You are too large for most types of armour.
You have claws for hands.
Your natural rate of healing is unusually fast.
You are covered in fur. (AC +1)
You have tough skin. (AC +1)


Message History

You closely miss Grinder.
Grinder is moderately wounded.
Grinder hits you.
You writhe in agony.
You closely miss Grinder.
Grinder is moderately wounded.
Grinder hits you.
You writhe in agony.
You claw Grinder!
Grinder is heavily wounded.
Grinder blinks!
Grinder gestures at you. Pain shoots through your body!
Grinder barely misses you.
You closely miss Grinder.
Grinder is heavily wounded.
Grinder hits you.
You writhe in agony.
You scratch Grinder.
Grinder is severely wounded.
Grinder blinks!
Grinder blinks!
Grinder blinks!
Grinder gestures at you.
You suddenly lose the ability to move!
Grinder blinks!
Grinder gestures at you. You resist with significant effort.
Grinder gestures at you. Pain shoots through your body!
You can move again.
Grinder gestures at you. Pain shoots through your body!
* * * LOW HITPOINT WARNING * * *
Grinder hits you!
* * * LOW HITPOINT WARNING * * *
You writhe in agony.
* * * LOW HITPOINT WARNING * * *
You claw Grinder!
Grinder is severely wounded.
Grinder hits you.
You die...
Grinder sighs, "Dead already?
I want a refund."

### # #>^##### #
#......# #### #......#
#... #..!...# #...
#......##### #...
#......h5..##########...
#......###..............
#.###### ############.[.
).. #... ...#. #...
..∩.. #... ... . #... ..
####


You could see Grinder.

Vanquished Creatures
  A sleepcap (D:2)
  Jessica (D:3)
  An orc wizard (D:3)
  An adder (D:2)
  A dart slug (D:1)
  A worm (D:2)
  6 orcs
  4 endoplasms
  2 giant cockroaches
  3 goblins
  2 hobgoblins
  4 quokkas
  4 ball pythons
  5 bats
  4 frilled lizards
  3 kobolds
  3 rats
46 creatures vanquished.

Notes
Turn   | Place    | Note
-------+----------+-------------------------------------------
     0 | D:1      | BigPumpCobain the Troll Shapeshifter began the quest for
                  | the Orb.
     0 | D:1      | Reached XP level 1. HP: 18/18 MP: 0/0
    55 | D:1      | Reached skill level 1 in Fighting
   112 | D:1      | Reached XP level 2. HP: 27/27 MP: 1/1
   246 | D:1      | You fall into a shaft and drop 1 floor!
   290 | D:2      | Reached XP level 3. HP: 33/33 MP: 2/2
   798 | D:2      | Reached XP level 4. HP: 38/41 MP: 3/3
   802 | D:2      | Reached skill level 4 in Shapeshifting
   808 | D:2      | Found a basalt altar of Yredelemnul.
  1317 | D:3      | Noticed Jessica
  1324 | D:3      | Killed Jessica
  1325 | D:3      | Reached XP level 5. HP: 49/49 MP: 4/4
  1342 | D:3      | Noticed Grinder
  1366 | D:3      | Paralysed by Grinder for 5 turns
  1374 | D:3      | Slain by Grinder

Illustrated notes

Levels and vault maps discovered:
D:1:      nzn_arrival_crosshair, layout_rooms, minmay_distorted
D:2:      layout_basic, basic_altar
D:3:      minmay_inner_zag, layout_basic, hellmonk_ecumenical_altar_arch_garden,
          cheibrodos_gnoll_hut, uniq_natasha, uniq_ijyb, uniq_jessica,
          uniq_grinder

Skill      XL: |  1  2  3  4 |
---------------+-------------+-----
Fighting       | 1 |  1.6
Shapeshifting  | 4 |  4.4
Dodging        | |  1.5
Unarmed Combat | |  3.9

Action                     |  1- 3 |  4- 6 || total
---------------------------+-------+-------++-------
  Melee: Unarmed           |    76 |    35 ||   111
         Punch             |     3 |     2 ||     5
   Stab: Sleeping          |     1 |     1 ||     2
 Armour: Animal skin       |    36 |    18 ||    54
  Dodge: Dodged            |    36 |    13 ||    49

Table legend: (Time is in decaauts)
 A = Elapsed time spent in this place.
 B = Non-inter-level travel time spent in this place.
 C = Inter-level travel time spent in this place.
 D = Time resting spent in this place.
 E = Time spent auto-exploring this place.
 F = Levels seen in this place.
 G = Mean time per level.
                   A        B        C        D        E       F      G
               +--------+--------+--------+--------+--------+-----+--------+
         Total |   1367 |   1235 |    132 |      0 |    967 |   3 |  455.7 |
       Dungeon |   1367 |   1235 |    132 |      0 |    967 |   3 |  455.7 |
               +--------+--------+--------+--------+--------+-----+--------+

Top non-repeatable levels by time:
     D:2: 788 daAuts
     D:1: 377 daAuts
     D:3: 200 daAuts
